 Dungeon Crawl Stone Soup version 0.26-a0-30-g56b8cd3df0 (webtiles) character file.

Game seed: 2788719817903017836, levelgen mode: deterministic

7608 gruber the Protected (level 11, -6/89 HPs)
             Began as a Hill Orc Fighter on June 2, 2020.
             Was a Priest of Makhleb.
             Mangled by Snorg (11 damage)
             ... on level 10 of the Dungeon.
             The game lasted 00:16:52 (11588 turns).

gruber the Protected (Hill Orc Fighter)            Turns: 11588, Time: 00:16:52

Health: -6/89      AC: 19    Str: 23    XL:     11   Next: 17%
Magic:  20/20      EV:  6    Int:  8    God:    Makhleb [***...]
Gold:   619        SH: 12    Dex: 10    Spells: 10/10 levels left

rFire    . . .     SeeInvis .   b - +5 war axe (curse)
rCold    . . .     Gourm    .   c - +0 kite shield
rNeg     . . .     Faith    .   o - +0 plate armour
rPois    .         Spirit   .   g - +0 helmet
rElec    .         Reflect  .   O - scarf {repulsion}
rCorr    .         Harm     .   F - +0 pair of gloves
MR       .....                  (no boots)
Stlth    ..........             m - amulet of regeneration
HPRegen  0.64/turn              t - ring of wizardry
MPRegen  0.17/turn              I - ring of magical power

@: very slightly contaminated, invisible, repel missiles
A: no striking features
a: Minor Destruction, Lesser Servant of Makhleb, Renounce Religion


You were on level 10 of the Dungeon.
You worshipped Makhleb.
Makhleb was most pleased with you.
You were not hungry.

You visited 1 branch of the dungeon, and saw 10 of its levels.

You collected 619 gold pieces.

Inventory:

Hand Weapons
 b - a cursed +5 war axe (weapon)
Missiles
 y - 8 atropa-tipped darts
 z - 23 poisoned darts (quivered)
Armour
 c - a +0 kite shield (worn)
 g - a +0 helmet (worn)
 o - a +0 plate armour (worn)
 F - a +0 pair of gloves (worn)
 O - a scarf of repulsion (worn)
Jewellery
 a - an uncursed ring of magical power
 m - an amulet of regeneration (around neck)
 n - an uncursed amulet of the acrobat
 t - a ring of wizardry (left hand)
 v - an uncursed ring of wizardry
 C - an uncursed ring of magical power
 H - an uncursed amulet of reflection
 I - a ring of magical power (right hand)
 J - an uncursed amulet of faith {unknown}
Wands
 h - a wand of random effects (20)
 E - a wand of clouds (3)
 G - a wand of disintegration (11)
Scrolls
 e - 2 scrolls of amnesia
 r - 4 scrolls of remove curse
 u - a scroll of enchant armour {unknown}
 x - 2 scrolls of fear
 A - 10 scrolls of teleportation
 B - 5 scrolls of enchant weapon {unknown}
 M - a scroll of blinking {unknown}
 N - 3 scrolls of identify
 P - a scroll of magic mapping {unknown}
Potions
 d - a potion of brilliance {unknown}
 i - a potion of lignification
 j - 6 potions of heal wounds
 k - 2 potions of berserk rage {unknown}
 p - 2 potions of ambrosia {unknown}
 q - 2 potions of degeneration {unknown}
 s - 2 potions of stabbing {unknown}
 w - 3 potions of curing {unknown}
 D - a potion of flight
 K - a potion of magic {unknown}
 L - a potion of mutation {unknown}
Comestibles
 f - 16 rations


   Skills:
 * Level 6.2 Fighting
 - Level 9.1 Axes
 - Level 13.3 Armour
 - Level 10.0 Shields


You had 10 spell levels left.
You didn't know any spells.
Your spell library contained the following spells:

 Spells                   Type           Power        Failure   Level  Hunger
 Foxfire                  Conj/Fire      #...         95%         1    ##.....
 Conjure Flame            Conj/Fire      #.......     100%        3    ####...
 Inner Flame              Hex/Fire       #.......     100%        3    ####...
 Sticky Flame             Conj/Fire      #.......     100%        4    #####..
 Fireball                 Conj/Fire      #.........   100%        5    ######.


Dungeon Overview and Level Annotations

Branches:
Dungeon (10/15)            Temple (0/1) D:5            Lair (0/6) D:9
    Orc (0/2) D:10

Altars:
Ashenzari
Makhleb
Nemelex Xobeh
Okawaru
Qazlal
Ru
Sif Muna
Trog
Yredelemnul
Zin
The Shining One

Annotations:
D:8 3 runed translucent doors, Lanoc's ghost, novice MfVM
D:10 Snorg


Message History

Snorg is engulfed in poison gas.
Snorg looks as sick as possible!
Snorg bites you. You block Snorg's attack. x2
Snorg is engulfed in poison gas.
Snorg looks as sick as possible!
You block Snorg's attack. Snorg claws you but does no damage. Snorg claws you!
You are very lightly contaminated with residual magic.
Snorg is engulfed in poison gas.
Snorg looks as sick as possible!
Snorg bites you!
* * * LOW HITPOINT WARNING * * *
Snorg claws you.
* * * LOW HITPOINT WARNING * * *
You block Snorg's attack. You block Snorg's attack.
Snorg claws you but does no damage. x2
There is an open door here.
Snorg bites you!!
* * * LOW HITPOINT WARNING * * *
Snorg barely misses you. Snorg claws you but does no damage.
There is an open door, spattered with blood here.
Snorg rages.
You block Snorg's attack. Snorg claws you!
You die...

########## ########
####.........
#......###.().........
+......#...##.........
#......'.####.........
#.....5### #.........
#####'## #.[.......
#T# ########## #@# ..
#.# ### #.# #.# #.#
#......... #.#
#........ #.# #..5....
#.# #....T. #.# .....


You could see Snorg (berserk, extremely poisoned) and a shadow imp.

Vanquished Creatures
  Harold (D:7)
  Erica (D:8)
  Urug (D:10)
  Grinder (D:4)
  A hippogriff (D:9)
  6 yaks (D:5)
  A spriggan (D:8)
  A wyvern (D:8)
  Menkaure (D:7)
  2 hungry ghosts (D:10)
  2 wargs (D:9)
  2 water moccasins
  An orc warrior (D:9)
  5 ice beasts
  5 ogres
  2 phantoms
  A big kobold (D:8)
  3 bullfrogs
  4 scorpions
  3 troll zombies (D:10)
  5 wights (D:6)
  2 howler monkeys
  4 crimson imps
  3 jellies
  A quasit (D:7)
  5 orc priests
  4 hounds
  3 bullfrog skeletons
  An iguana (D:6)
  4 worker ants
  7 orc wizards
  5 ogre zombies (D:10)
  A worker ant zombie (D:8)
  14 adders
  2 shadow imps (D:8)
  A white imp (D:4)
  2 oozes
  An adder skeleton (D:5)
  3 worms
  2 dart slugs (D:1)
  A leopard gecko (D:1)
  40 orcs
  A ball python (D:7)
  9 giant cockroaches
  14 goblins
  8 hobgoblins
  11 jackals
  4 quokkas
  5 bats
  7 frilled lizards
  6 goblin zombies
  6 hobgoblin zombies
  12 kobolds
  A kobold zombie (D:4)
  A leopard gecko skeleton (D:5)
  A leopard gecko zombie (D:9)
  3 orc skeletons
  14 orc zombies (D:10)
  A quokka skeleton (D:4)
  11 rats
270 creatures vanquished.

Notes
Turn   | Place    | Note
-------+----------+-------------------------------------------
     0 | D:1      | gruber the Hill Orc Fighter began the quest for the Orb.
     0 | D:1      | Reached XP level 1. HP: 19/19 MP: 1/1
   186 | D:1      | Reached XP level 2. HP: 23/27 MP: 2/2
   609 | D:1      | Reached XP level 3. HP: 33/33 MP: 3/3
  1101 | D:2      | Reached XP level 4. HP: 40/40 MP: 4/4
  2009 | D:3      | Reached XP level 5. HP: 47/47 MP: 5/5
  2386 | D:3      | Found a basalt altar of Yredelemnul.
  2423 | D:3      | Reached skill level 5 in Axes
  3123 | D:4      | Reached XP level 6. HP: 41/55 MP: 6/6
  3284 | D:4      | Reached skill level 5 in Fighting
  3474 | D:4      | Reached skill level 5 in Shields
  3622 | D:4      | Found a glowing golden altar of the Shining One.
  4014 | D:4      | Noticed Grinder
  4014 | D:4      | Paralysed by Grinder for 7 turns
  4025 | D:5      | Entered Level 5 of the Dungeon
  4151 | D:5      | Noticed an ice beast
  4166 | D:5      | Killed an ice beast
  4166 | D:5      | Reached XP level 7. HP: 18/61 MP: 7/7
  4461 | D:5      | Found a burning altar of Makhleb.
  4471 | D:5      | Reached skill level 4 in Armour
  4482 | D:5      | Became a worshipper of Makhleb the Destroyer
  4856 | D:5      | Found a staircase to the Ecumenical Temple.
  4875 | D:5      | Noticed a yak
  5086 | D:5      | Found an iron altar of Okawaru.
  5140 | D:5      | Reached skill level 5 in Armour
  5355 | D:5      | Found a bloodstained altar of Trog.
  5385 | D:5      | Noticed a yak
  5416 | D:5      | Killed a yak
  5416 | D:5      | Reached skill level 6 in Armour
  5416 | D:5      | Reached XP level 8. HP: 47/68 MP: 8/8
  5525 | D:5      | Noticed a yak
  5552 | D:5      | Killed a yak
  5552 | D:5      | Reached skill level 7 in Armour
  5554 | D:5      | Noticed a yak
  5556 | D:5      | Noticed a yak
  5559 | D:5      | Noticed a yak
  5570 | D:5      | Killed a yak
  5584 | D:5      | Killed a yak
  5584 | D:5      | Reached skill level 8 in Armour
  5594 | D:5      | Killed a yak
  5594 | D:5      | Reached skill level 9 in Armour
  5601 | D:5      | Killed a yak
  5601 | D:5      | Reached XP level 9. HP: 39/74 MP: 9/9
  5980 | D:5      | Found a sparkling altar of Nemelex Xobeh.
  6389 | D:6      | Reached skill level 10 in Armour
  6767 | D:6      | Got a translucent scale mail
  6768 | D:6      | Identified the cursed +0 scale mail of Honour {Harm rF+
                  | MP+9 Stlth-} (You found it on level 6 of the Dungeon)
  7288 | D:6      | Reached skill level 11 in Armour
  7335 | D:6      | Found a shimmering blue altar of Sif Muna.
  7345 | D:6      | Reached * piety under Makhleb
  7593 | D:4      | Paralysed by Grinder for 2 turns
  7596 | D:4      | Killed Grinder
  7715 | D:4      | Found a glowing silver altar of Zin.
  7766 | D:4      | Found a glowing golden altar of the Shining One.
  7850 | D:4      | Reached skill level 12 in Armour
  8091 | D:7      | Noticed Menkaure
  8113 | D:7      | Killed Menkaure
  8524 | D:7      | Reached XP level 10. HP: 81/81 MP: 10/10
  8634 | D:7      | Noticed Harold
  8656 | D:7      | Killed Harold
  8656 | D:7      | Reached skill level 13 in Armour
  9456 | D:8      | Reached ** piety under Makhleb
  9717 | D:8      | Found a runed translucent gate.
  9719 | D:8      | Found a runed translucent gate.
  9719 | D:8      | Found a runed translucent gate.
  9719 | D:8      | Noticed Lanoc's ghost (novice MfVM)
  9898 | D:8      | Noticed Erica
  9909 | D:8      | Killed Erica
 10266 | D:8      | Found a stormy altar of Qazlal.
 10267 | D:8      | Found a sacrificial altar of Ru.
 10582 | D:9      | Found a staircase to the Lair.
 10704 | D:9      | Found a shattered altar of Ashenzari.
 11077 | D:10     | Entered Level 10 of the Dungeon
 11101 | D:10     | Noticed Snorg
 11140 | D:10     | Reached skill level 10 in Shields
 11223 | D:10     | Found a staircase to the Orcish Mines.
 11239 | D:10     | Reached XP level 11. HP: 86/86 MP: 11/11
 11252 | D:10     | Reached *** piety under Makhleb
 11547 | D:10     | Noticed Urug
 11577 | D:10     | Killed Urug
 11586 | D:10     | HP: 4/89 [Snorg (19)]
 11588 | D:10     | Mangled by Snorg

Illustrated notes

Levels and vault maps discovered:
D:1:      saegor_arrival_simple_e, layout_loops_ring, minmay_misc_feat_pillars
D:2:      layout_basic, kennysheep_decorative_pillar
D:3:      layout_rooms, first_ration, lemuel_altar_in_water
D:4:      layout_loops_corners, lemuel_crystal_altar,
          lemuel_coloured_pillars_altar, nicolae_tso_besieged_by_evil,
          uniq_grinder
D:5:      layout_basic, nemelex_xobeh_ov_fountains_minmay,
          makhleb_blood_cavern_becter, lightli_temple_of_fire,
          minmay_temple_entry_arrows, minmay_statues_item, serial_bayou_pond_e,
          okawaru_metal_pillars_1_2
D:6:      layout_cave_pods, overflow_temple_1_default
D:7:      minmay_general_purpose_star, layout_cave_pods, uniq_menkaure,
          uniq_harold
D:8:      layout_basic, gammafunk_temple_overflow_statue,
          ebering_ghost_rock_garden, grunt_pizzeria, uniq_erica
D:9:      layout_cave_pools, evilmike_ruin_ashenzari, erik_lair_orcish_takeover
D:10:     layout_roguey, zombieorc2_lemuel, uniq_snorg, uniq_urug

Skill      XL: |  1  2  3  4  5  6  7  8  9 10 11 |
---------------+----------------------------------+-----
Fighting       | 4 5 6 |  6.2
Axes           | 3 4 5 6 7 9 |  9.1
Shields        | 4 6 10 | 10.0
Armour         | 6 9 12 13 | 13.3

Action                   |  1- 3 |  4- 6 |  7- 9 | 10-12 || total
-------------------------+-------+-------+-------+-------++-------
Melee: War axe           |   107 |   258 |   311 |   340 ||  1016
Throw: Dart              |       |       |     8 |       ||     8
Evoke: Wand              |       |       |       |     1 ||     1
  Use: Scroll            |       |     1 |     8 |     4 ||    13
       Potion            |       |       |       |     2 ||     2
  Eat: Chunk             |     1 |    10 |    14 |    13 ||    38
       Ration            |       |       |       |     1 ||     1
Armor: Scale mail        |    41 |       |       |       ||    41
       Leather armour    |       |    78 |     3 |       ||    81
       Plate armour      |       |       |   139 |   162 ||   301
Dodge: Dodged            |    44 |    98 |    57 |    60 ||   259
       Repelled          |       |       |       |     1 ||     1
Block: Kite shield       |    61 |   122 |   121 |   189 ||   493

Table legend:
 A = Non-vault XP
 B = Vault XP
 C = Vault XP percentage of total XP
 D = Non-vault monster count
 E = Vault monster count
 F = Vault count percentage of total count
                 A         B        C        D         E       F
            +---------+---------+-------+---------+---------+-------
      Total |    5665 |    5204 |  47.9 |     208 |      62 |  23.0
            +---------+---------+-------+---------+---------+-------
        D:1 |      39 |       0 |   0.0 |      22 |       0 |   0.0
        D:2 |     118 |       0 |   0.0 |      32 |       0 |   0.0
        D:3 |     129 |       0 |   0.0 |      37 |       0 |   0.0
        D:4 |     585 |     283 |  32.6 |      28 |       8 |  22.2
        D:5 |    1872 |      40 |   2.1 |      19 |       1 |   5.0
        D:6 |    1038 |       0 |   0.0 |      18 |       0 |   0.0
        D:7 |     222 |    1402 |  86.3 |      11 |       5 |  31.2
        D:8 |     693 |    1143 |  62.3 |      30 |       2 |   6.2
        D:9 |     459 |     679 |  59.7 |       5 |      10 |  66.7
       D:10 |     510 |    1657 |  76.5 |       6 |      36 |  85.7
            +---------+---------+-------+---------+---------+-------
